Map: Winter Madness LE

Players

Lambo - Winner!

  • Race: Zerg Zerg
  • League: Grandmaster
  • Spawn Location: 5:00

Geralt (Gerald)

  • Race: Protoss Protoss
  • League: Grandmaster
  • Spawn Location: 11:00

VOD

Have the link to the VOD?

Description

Time

  • Played on: Jan. 30, 2026, 7:17 a.m.
  • Length: 19:53
Show
View Real Time Build Order
Export as new Build Order

Lambo Zerg - Winner!

Build Orders: Hatch First, Lurkers 

Get SALT Encoding   

  12  0:00  Drone  
  13  0:08  Drone  
  14  0:15  Extractor, Drone  
  15  0:21  Overlord  
  15  0:40  Drone  
  16  0:46  Hatchery  
  16  0:48  Drone  
  16  0:52  Drone  
  16  0:55  Drone  
  18  1:05  Extractor  
  18  1:11  Spawning Pool  
  16  1:15  Drone  
  16  1:17  Drone  
  18  1:27  Drone  
  19  1:38  Drone  
  20  1:50  Drone  
  21  1:57  Queen  
  21  1:58  Queen, Zergling x2  
  21  2:00  Overlord  
  26  2:09  Zergling x2  
  26  2:12  Metabolic Boost  
  26  2:13  Drone  
  28  2:21  Drone x2  
  30  2:31  Drone  
  30  2:32  Drone  
  32  2:40  Hatchery  
  31  2:46  Queen  
  31  2:50  Overlord  
  33  2:57  Drone  
  34  3:01  Drone  
  34  3:02  Zergling x2  
  35  3:09  Zergling x2  
  35  3:11  Zergling x4  
  38  3:17  Drone x3  
  40  3:21  Queen  
  40  3:24  Overlord  
  40  3:26  Drone  
  43  3:37  Overlord  
  43  3:42  Queen  
  43  3:43  Drone x5  
  43  3:45  Drone  
  51  3:51  Spore Crawler, Drone  
  51  4:01  Evolution Chamber  
  50  4:04  Drone x5  
  56  4:13  Drone x5  
  56  4:17  Drone x2  
  63  4:18  Drone  
  63  4:20  Drone  
  63  4:23  Drone x2  
  65  4:27  Evolution Chamber, Drone  
  65  4:32  Spore Crawler  
  65  4:37  Overlord  
  65  4:50  Drone x3  
  65  4:52  Evolution Chamber  
  64  4:53  Drone  
  64  4:54  Overlord x2  
  65  5:01  Drone x3  
  65  5:04  Drone x2, Hatchery  
  65  5:07  Drone x2  
  71  5:09  Drone  
  71  5:13  Extractor  
  70  5:15  Extractor  
  70  5:18  Drone x3  
  70  5:20  Zerg Melee Weapons Level 1  
  70  5:21  Drone x3  
  73  5:22  Drone x3  
  73  5:24  Drone  
  77  5:29  Drone x4  
  77  5:32  Spore Crawler  
  80  5:39  Lair  
  80  5:41  Hatchery  
  79  5:44  Zergling x2  
  79  5:45  Zergling x6  
  79  5:47  Zergling x2  
  83  5:55  Zergling x14  
  90  6:00  Overlord  
  90  6:03  Overlord  
  90  6:04  Overlord  
  90  6:07  Overlord  
  90  6:09  Zergling x2  
  90  6:15  Overlord  
  90  6:16  Zergling x6  
  93  6:22  Zergling x14  
  93  6:23  Queen  
  102  6:26  Zergling x8  
  102  6:31  Overlord  
  107  6:32  Zergling x2  
  107  6:33  Zergling x2  
  107  6:36  Overlord  
  107  6:37  Overseer  
  108  6:41  Drone x3  
  108  6:42  Hydralisk Den  
  108  6:45  Infestation Pit  
  108  6:46  Hatchery  
  108  6:52  Zergling x18  
  116  6:56  Zergling x2  
  116  6:57  Zergling x4  
  115  7:03  Zergling x6  
  115  7:12  Drone x3  
  115  7:15  Drone  
  109  7:20  Extractor, Drone x8  
  109  7:21  Hive  
  109  7:22  Extractor, Lurker Den  
  112  7:23  Zerg Missile Weapons Level 1  
  112  7:24  Muscular Augments  
  112  7:25  Drone x6  
  112  7:28  Extractor, Drone x2  
  118  7:34  Drone  
  118  7:36  Drone  
  112  7:53  Hydralisk x7  
  112  7:55  Drone x3  
  112  7:56  Drone x2  
  127  8:01  Drone x2  
  127  8:04  Drone x2  
  122  8:07  Extractor  
  122  8:08  Drone  
  122  8:09  Extractor  
  120  8:18  Hydralisk x4  
  120  8:19  Zergling x4  
  130  8:24  Zergling x12  
  124  8:34  Zergling x6  
  124  8:37  Seismic Spines, Lurker  
  124  8:39  Drone x3  
  124  8:40  Zergling x2  
  132  8:42  Lurker  
  132  8:45  Zergling x12  
  132  8:46  Spine Crawler  
  138  8:48  Lurker  
  138  8:50  Zergling x8  
  138  8:54  Overlord x2  
  138  8:55  Spine Crawler  
  136  8:58  Zergling x10  
  141  9:08  Overlord  
  141  9:16  Zergling x2  
  141  9:17  Zergling x22  
  135  9:21  Zergling x8  
  127  9:26  Zergling x10  
  127  9:31  Zergling x10  
  131  9:33  Zergling x4  
  131  9:37  Lurker x2  
  132  9:41  Zergling x4  
  132  9:45  Lurker x2  
  133  9:46  Drone x6  
  133  9:47  Queen x2  
  133  9:48  Zerg Missile Weapons Level 2  
  133  9:49  Extractor  
  133  9:51  Hydralisk x4  
  148  10:02  Overlord  
  148  10:03  Overlord  
  148  10:04  Overlord  
  148  10:06  Overlord  
  146  10:09  Overlord  
  142  10:15  Overlord  
  129  10:22  Overlord  
  129  10:23  Hydralisk x11  
  144  10:42  Hydralisk x3  
  134  10:44  Adaptive Talons  
  134  10:49  Hatchery  
  137  10:51  Lurker x4  
  137  10:53  Grooved Spines  
  141  10:57  Lurker x3  
  141  10:59  Zergling x4  
  141  11:02  Hatchery  
  145  11:08  Zergling x16  
  153  11:15  Zergling x14  
  160  11:21  Zergling x6  
  154  11:29  Drone x2  
  154  11:30  Drone x2  
  154  11:32  Zergling x2  
  159  11:33  Lurker  
  159  11:34  Lurker x3  
  159  11:37  Zergling x6  
  162  11:48  Hydralisk x6  
  174  11:56  Overseer x2  
  174  11:57  Pneumatized Carapace  
  174  12:03  Hydralisk  
  174  12:04  Zergling x6, Hatchery  
  178  12:09  Zerg Melee Weapons Level 2  
  178  12:13  Overlord  
  178  12:17  Zergling x10  
  183  12:25  Overlord  
  183  12:26  Adrenal Glands  
  183  12:27  Overlord  
  183  12:28  Spire  
  182  12:36  Hydralisk x4  
  187  12:39  Hydralisk  
  189  12:47  Unknown  
  189  12:49  Zergling x14, Overseer  
  196  12:56  Zergling x4  
  193  13:03  Zergling x8  
  180  13:13  Zergling x6  
  179  13:25  Hydralisk x5  
  184  13:32  Lurker x3  
  184  13:33  Lurker, Overseer  
  183  13:35  Zerg Flyer Weapons Level 1  
  183  13:42  Hatchery  
  183  13:43  Overseer x2  
  183  13:45  Hatchery  
  183  13:48  Lurker  
  181  14:08  Zergling x32  
  193  14:25  Zerg Missile Weapons Level 3  
  193  14:27  Hatchery  
  193  14:30  Hydralisk x7  
  185  14:53  Hydralisk x8  
  185  14:57  Drone x2  
  173  15:20  Corruptor x8  
  181  15:29  Overlord x3  
  181  15:30  Zerg Flyer Weapons Level 2  
  181  15:35  Overlord  
  181  15:36  Overlord, Overseer  
  181  15:37  Overseer x2  
  181  15:45  Overlord  
  181  15:48  Drone x5  
  181  15:49  Drone  
  186  15:50  Drone x3  
  186  15:54  Lurker x3  
  186  15:55  Lurker  
  193  15:59  Corruptor x3  
  193  16:02  Overseer  
  199  16:28  Spore Crawler  
  199  16:29  Spine Crawler, Overlord  
  197  16:39  Hatchery  
  178  17:05  Corruptor x3  
  178  17:07  Hydralisk x2  
  178  17:08  Hydralisk x14, Zergling x16  
  175  17:12  Overseer  
  187  17:18  Zergling x10  
  185  17:29  Drone x3  
  185  17:37  Zergling x18  
  185  17:42  Lurker x8  
  196  17:59  Drone  
  196  18:02  Corruptor x2  
  197  18:13  Extractor x2  
  197  18:19  Corruptor x2  
  199  18:23  Overseer  
  198  18:27  Unknown  
  198  18:31  Corruptor  
  198  18:32  Corruptor x2  
  196  18:36  Corruptor x2  
  196  18:37  Corruptor  
  196  18:38  Hatchery  
  196  18:39  Lurker  
  197  18:52  Corruptor  
  198  19:06  Corruptor  
  193  19:23  Zergling x30  
  199  19:28  Hydralisk  
  199  19:29  Hydralisk x2  
  196  19:34  Zergling x6  
Show
View Real Time Build Order
Export as new Build Order

Geralt Protoss 

Build Orders: 1 Gate Expand, Oracle Opening 

Get SALT Encoding   

  12  0:00  Probe  
  13  0:12  Probe  
  14  0:22  Pylon  
  14  0:24  Probe  
  15  0:36  Probe  
  15  0:41  Gateway  
  16  0:45  Probe  
  17  0:52  Assimilator  
  17  0:55  Probe  
  18  1:07  Probe  
  19  1:20  Probe  
  20  1:28  Nexus  
  20  1:32  Probe  
  21  1:39  Cybernetics Core  
  21  1:44  Probe  
  22  1:48  Assimilator  
  22  1:56  Pylon  
  22  1:57  Probe  
  23  2:07  Adept  
  23  2:14  Probe  
  26  2:26  Stargate, Probe  
  26  2:27  Adept  
  27  2:39  Probe  
  27  2:41  Probe  
  31  2:51  Probe  
  32  2:53  Probe  
  32  2:56  Adept  
  35  3:03  Probe, Oracle  
  35  3:05  Probe  
  37  3:06  Warp Gate  
  40  3:21  Probe  
  40  3:23  Probe  
  42  3:29  Nexus  
  42  3:30  Pylon  
  42  3:33  Probe  
  43  3:36  Probe  
  44  3:45  Gateway  
  44  3:46  Probe  
  48  3:48  Oracle  
  48  3:51  Pylon  
  48  3:54  Probe  
  49  3:58  Probe  
  50  4:06  Probe  
  51  4:10  Twilight Council, Forge  
  51  4:11  Probe  
  52  4:23  Gateway  
  50  4:25  Probe  
  50  4:29  Gateway  
  50  4:31  Probe  
  52  4:37  Probe  
  53  4:40  Assimilator  
  53  4:43  Probe  
  53  4:44  Assimilator  
  54  4:52  Protoss Ground Weapons Level 1  
  54  4:53  Blink, Probe  
  54  4:54  Probe  
  54  4:55  Adept  
  54  4:56  Probe, Adept  
  54  4:57  Shield Battery  
  61  5:04  Gateway  
  61  5:05  Probe  
  61  5:06  Probe  
  63  5:09  Probe  
  64  5:17  Probe  
  64  5:18  Probe  
  64  5:21  Probe  
  67  5:22  Stalker x2  
  67  5:23  Stalker  
  67  5:27  Pylon  
  73  5:28  Probe  
  73  5:29  Probe  
  73  5:31  Probe  
  76  5:36  Probe  
  76  5:38  Pylon  
  76  5:41  Probe x2  
  77  5:44  Probe  
  77  5:46  Templar Archives  
  77  5:48  Pylon  
  80  5:51  Probe  
  80  5:52  Stalker x2  
  80  5:56  Probe  
  86  5:58  Gateway  
  86  6:02  Gateway  
  86  6:04  Probe  
  86  6:10  Assimilator, Probe x2  
  89  6:13  Assimilator  
  89  6:17  Probe, Gateway x2, Stalker  
  89  6:18  Pylon  
  92  6:22  Probe  
  93  6:25  Probe  
  93  6:27  Psionic Storm  
  93  6:29  Probe  
  95  6:34  Probe  
  95  6:37  Probe  
  95  6:38  Stalker x4  
  105  6:42  Pylon  
  105  6:43  Pylon  
  105  6:48  Probe  
  105  7:07  Stalker x6  
  105  7:08  Stalker  
  119  7:14  Probe x2  
  117  7:19  Probe  
  117  7:22  Photon Cannon  
  114  7:26  Protoss Ground Weapons Level 2  
  114  7:27  Charge, Pylon  
  114  7:30  Nexus  
  114  7:32  Pylon  
  114  7:39  Stalker  
  114  7:40  Stalker x2  
  114  7:41  Zealot x2  
  124  7:48  Zealot  
  124  7:49  Zealot x3  
  117  8:00  Probe  
  112  8:06  Probe x2  
  112  8:11  High Templar x4  
  122  8:14  Zealot  
  122  8:15  Zealot  
  122  8:17  Stalker  
  128  8:24  Zealot  
  130  8:32  Probe x2  
  132  8:37  Nexus, Probe  
  132  8:39  High Templar  
  132  8:40  High Templar  
  137  8:47  Zealot x2  
  141  8:57  Pylon  
  141  9:00  Pylon  
  141  9:07  Pylon  
  141  9:09  Pylon  
  141  9:14  Probe  
  136  9:19  Zealot x9  
  136  9:23  Archon  
  138  9:39  Fleet Beacon  
  138  9:45  Zealot x6  
  146  9:51  Nexus  
  146  10:08  Zealot x6  
  146  10:10  Probe  
  146  10:12  Zealot x3  
  141  10:21  Probe  
  141  10:28  Probe  
  115  10:29  Zealot x5  
  115  10:30  Zealot  
  125  10:38  Probe  
  125  10:41  High Templar x3, Tempest  
  125  10:44  Probe x2  
  127  10:51  Probe  
  127  10:52  High Templar x2  
  127  10:54  High Templar  
  138  10:58  Probe x2  
  138  11:01  Archon  
  140  11:04  Probe  
  140  11:10  Probe x2  
  128  11:28  Probe  
  128  11:29  Nexus  
  128  11:31  Probe  
  130  11:35  Probe  
  130  11:36  Stargate  
  131  11:40  High Templar x5  
  131  11:41  Probe  
  140  11:50  Probe x2  
  140  11:53  Probe  
  141  12:02  Probe  
  141  12:03  Probe  
  141  12:05  Photon Cannon, Mothership  
  151  12:10  Tempest  
  151  12:13  Zealot  
  151  12:14  Zealot x2  
  161  12:17  Archon  
  161  12:19  Probe x2  
  161  12:22  Pylon  
  163  12:27  High Templar  
  165  12:32  Pylon  
  165  12:33  Pylon  
  165  12:34  Probe  
  165  12:36  Tempest  
  164  12:43  Zealot x2  
  164  12:44  High Templar, Zealot x2  
  156  13:01  Tempest  
  160  13:19  Tempest, Probe  
  151  13:32  Zealot x6, Nexus  
  151  13:38  Tempest  
  151  13:41  Pylon  
  151  13:46  High Templar x3  
  161  13:52  Archon  
  161  14:01  Tempest  
  165  14:05  Probe  
  165  14:09  Photon Cannon  
  166  14:10  Shield Battery  
  166  14:22  High Templar, Zealot x4  
  174  14:25  Tempest  
  159  14:40  Probe  
  159  14:45  Oracle  
  156  14:55  Zealot x3  
  156  14:56  Zealot  
  164  15:01  Probe x3  
  164  15:02  Probe  
  164  15:08  Oracle  
  164  15:13  Probe  
  133  15:21  Tempest  
  137  15:34  High Templar x2  
  137  15:35  Probe  
  142  15:36  Mothership  
  142  15:45  Oracle  
  145  15:54  Assimilator  
  145  15:55  Assimilator  
  145  15:59  High Templar x2  
  145  16:00  Zealot x3  
  155  16:05  Archon  
  155  16:07  Tempest  
  159  16:17  Photon Cannon  
  159  16:18  Zealot  
  161  16:28  Zealot x4  
  161  16:29  Tempest  
  173  16:34  Robotics Facility  
  173  16:36  Pylon  
  159  16:48  Stalker x4  
  159  16:54  High Templar, Zealot x2  
  165  17:04  Archon  
  113  17:27  Stalker x7  
  127  17:57  High Templar, Zealot x2  
  117  18:06  Zealot  
  119  18:25  High Templar x2  
  114  18:38  Zealot x4  
  63  19:40  Probe  
Tags
 
Add a new tag
Caveats
  • Supply blocks, unpowered buildings, or Contaminate may cause inaccurate times.
  • Supply counts are checked every 10 seconds.